 Dungeon Crawl Stone Soup version 0.24.0-37-gcf1ca852f1 (webtiles) character file.

Game seed: 16245279733486314396, levelgen mode: deterministic

177 Kobolds4U the Sneak (level 5, -7/28 HPs)
             Began as a Deep Elf Wizard on Nov 24, 2019.
             Was an Initiate of Dithmenos.
             Mangled by a wight
             ... wielding a +3 war axe of freezing
              (9 damage)
             ... on level 4 of the Dungeon.
             The game lasted 00:09:07 (3557 turns).

Kobolds4U the Sneak (Deep Elf Wizard)               Turns: 3557, Time: 00:09:08

Health: -7/28      AC:  3    Str:  7    XL:     5   Next: 30%
Magic:  11/13      EV: 17    Int: 23    God:    Dithmenos [......]
Gold:   163        SH:  0    Dex: 13    Spells: 2/12 levels left

rFire    . . .     SeeInvis .   l - +3 short sword
rCold    . . .     Gourm    .   (no shield)
rNeg     . . .     Faith    .   a - +0 robe
rPois    .         Spirit   .   b - +0 hat
rElec    .         Reflect  .   (no cloak)
rCorr    .         Harm     .   i - +0 pair of gloves
MR       .....                  (no boots)
Stlth    +++.......             (no amulet)
HPRegen  0.09/turn              h - +2 ring of strength
MPRegen  0.13/turn              p - +4 ring of evasion

@: no status effects
A: no striking features
a: Renounce Religion


You were on level 4 of the Dungeon.
You worshipped Dithmenos.
Dithmenos was noncommittal.
You were not hungry.

You visited 1 branch of the dungeon, and saw 4 of its levels.

You collected 163 gold pieces.

Inventory:

Hand Weapons
 l - a +3 short sword (weapon)
Armour
 a - a +0 robe (worn)
 b - a +0 hat (worn)
 i - a +0 pair of gloves (worn)
Jewellery
 f - an uncursed ring of magical power {unknown}
 h - a +2 ring of strength (left hand)
 k - an uncursed ring of positive energy
 p - a +4 ring of evasion (right hand)
Wands
 x - a wand of clouds (5)
Scrolls
 e - a scroll of fog {unknown}
 j - 2 scrolls of blinking
 n - 3 scrolls of teleportation {unknown}
 o - a scroll of remove curse {unknown}
 r - a scroll of enchant armour {unknown}
 s - 2 scrolls of amnesia {unknown}
 u - a scroll of enchant weapon
 y - a scroll of magic mapping {unknown}
Potions
 c - 3 potions of curing
 g - 2 potions of flight
 m - a potion of brilliance
 q - a potion of ambrosia
 t - a potion of agility {unknown}
 w - 2 potions of might
Comestibles
 d - 10 rations
 v - 2 chunks of flesh


   Skills:
 - Level 2.1 Short Blades
 - Level 2.4 Dodging
 + Level 5.8 Stealth
 - Level 4.4 Spellcasting
 - Level 1.1 Conjurations
 - Level 2.1 Summonings
 * Level 1.7 Translocations


You had 2 spell levels left.
You knew the following spells:

 Your Spells              Type           Power        Failure   Level  Hunger
a - Magic Dart            Conj           ##..         6%          1    None
b - Blink                 Tloc           N/A          8%          2    None
c - Call Imp              Summ           ###.....     6%          2    None
d - Slow                  Hex            #.......     16%         2    None
e - Conjure Flame         Conj/Fire      #.......     24%         3    ##.....

Your spell library contained the following spells:

 Spells                   Type           Power        Failure   Level  Hunger
 Mephitic Cloud           Conj/Pois/Air  #.......     26%         3    ##.....


Dungeon Overview and Level Annotations

Branches:
Dungeon (4/15)
 Temple: D:4-7

Altars:
Ashenzari
Dithmenos


Message History

Aiming: Slow (safe; 16% risk of failure)
Press: ? - help, Shift-Dir - straight line, f/p - wight
Aim: a wight, wielding a +3 war axe of freezing and wearing a +0 robe (chance to defeat MR: 38%)
The wight resists with some effort.
The wight misses you. The wight closely misses you.
The wight hits you with a +3 war axe of freezing!
Ouch! That really hurt!
The wight freezes you.
Your magical contamination has completely faded away.
An orc wizard comes into view. It is wielding a staff of poison.
The orc wizard shouts!
You hear a shout!
The orc wizard casts a cantrip, but nothing happens.
An orc comes into view. It is wielding a +0 club.
The orc wizard looks encouraged for a moment.
There is a stone staircase leading up here.
The orc priest calls down the wrath of Beogh upon you.
Beogh smites you!
* * * LOW HITPOINT WARNING * * *
The wight hits you with a +3 war axe of freezing!
You die...

#.......# #.......# +.......#
#.......# #.... ##+#.z.....#
#..:.####+##.......#+##
#....#.....#..z....#
#....#.....'.z.....#
#....#.....#.@.....#
#....##....#.......# #######
#....##....#.......#####......
#..........#.o.....#...#......
#.........>#.(.o...#...#......
#..........#.......#...#......
#..........'.....o.#...#......
#...###'####.......###........
###'###..######.......#######.


You could see 3 wights, an orc priest, an orc wizard and an orc (wandering).

Vanquished Creatures
  2 hounds (D:4)
  A worker ant (D:4)
  2 adders
  2 oozes (D:3)
  2 worms
  2 dart slugs
  5 leopard geckos
  An orc (D:3)
  2 giant cockroaches
  11 goblins
  6 hobgoblins
  3 kobolds
  5 bats
  3 frilled lizards
  A quokka skeleton (D:4)
  5 rats
53 creatures vanquished.

Notes
Turn   | Place    | Note
-------+----------+-------------------------------------------
     0 | D:1      | Kobolds4U the Deep Elf Wizard began the quest for the Orb.
     0 | D:1      | Reached XP level 1. HP: 10/10 MP: 7/7
    57 | D:1      | Reached skill level 3 in Stealth
   301 | D:1      | Reached XP level 2. HP: 13/15 MP: 6/9
   543 | D:1      | Reached skill level 4 in Stealth
  1013 | D:2      | Reached skill level 1 in Short Blades
  1101 | D:2      | Reached XP level 3. HP: 19/19 MP: 6/10
  1209 | D:2      | Learned a level 2 spell: Blink
  1212 | D:2      | Learned a level 2 spell: Call Imp
  1215 | D:2      | Learned a level 2 spell: Slow
  1219 | D:2      | Learned a level 3 spell: Conjure Flame
  2230 | D:3      | Found a shadowy altar of Dithmenos.
  2241 | D:3      | Became a worshipper of Dithmenos the Shadowed
  2460 | D:3      | Reached XP level 4. HP: 24/24 MP: 12/12
  3244 | D:4      | Reached skill level 5 in Stealth
  3253 | D:4      | Reached XP level 5. HP: 22/28 MP: 0/13
  3353 | D:4      | Found a shattered altar of Ashenzari.
  3557 | D:4      | Mangled by a wight

Levels and vault maps discovered:
D:1:      beargit_arrival_greenhouse, layout_loops_ring
D:2:      layout_loops_corners
D:3:      layout_basic, nicolae_overflow_crystal_walls, first_ration,
          minmay_misc_feat_tower, hangedman_abyss_or_decor_stabs
D:4:      layout_gridville, cheibrodos_ashenzari_chains

Skill      XL: |  1  2  3  4 |
---------------+-------------+-----
Stealth        | 3 4 5 |  5.8
Short Blades   | 1 2 |  2.1
Summonings     | 2 |  2.1
Dodging        | |  2.4
Spellcasting   | |  4.4
Conjurations   | |  1.1
Translocations | |  1.7

Action                   |  1- 3 |  4- 6 || total
-------------------------+-------+-------++-------
Melee: Short sword       |    36 |    23 ||    59
       Unarmed           |     1 |       ||     1
 Cast: Magic Dart        |    83 |    22 ||   105
       Blink             |       |     1 ||     1
       Slow              |       |     2 ||     2
  Use: Scroll            |     8 |     2 ||    10
 Stab: Sleeping          |     8 |     3 ||    11
  Eat: Chunk             |     5 |     3 ||     8
Armor: Robe              |     5 |     2 ||     7
Dodge: Dodged            |    36 |    19 ||    55
